 Dungeon Crawl Stone Soup version 0.17-a0-1642-gd4b747b (webtiles) character file.

95252 mrath the Cleaver (level 15, -3/123 HPs)
             Began as a Minotaur Fighter on Aug 8, 2015.
             Was a High Priest of Okawaru.
             Slain by a reaper
             ... wielding a +3 scythe of slicing
              (7 damage)
             ... on level 1 of the Abyss.
             The game lasted 05:51:22 (34339 turns).

mrath the Cleaver (Minotaur Fighter)               Turns: 34339, Time: 05:51:22

Health: -3/123     AC: 19    Str: 23 (24) XL:     15   Next: 65%
Magic:  29/29      EV: 21    Int: -2 (1)  God:    Okawaru [*****.]
Gold:   1511       SH: 18    Dex: 14      Spells: 0 memorised, 14 levels left

rFire  . . .     SeeInvis +     X - +6 flail of the Gnat {drain, rN+ MR- MP+9 Dex+5}
rCold  + . .     Rnd*Rage +     t - +7 leather armour of Xariuxt {rC+ rN+ rCorr Slay+3}
rNeg   + + +     SustAt   .     c - +5 shield
rPois  .         Gourm    .     (helmet restricted)
rElec  .         Spirit   .     T - +2 cloak
rCorr  +         Warding  +     k - +0 pair of gloves
rMut   .         Rnd*Tele +     Y - +2 pair of boots of Vanity {+Inv Stlth+}
MR     .....                    i - amulet of warding
Stlth  ++........               b - ring of see invisible
                                n - +3 ring of evasion

@: slowed, lost intelligence, very slow, not resistant to hostile enchantments,
unstealthy
A: retaliatory headbutt, horns 2, berserk 1, blurry vision 2, deformed body,
deterioration 2, dopey 2, frail 1, slow healing 1, teleportitis 3, weak 2, no
device heal 1, MP-powered wands
a: Heroism, Finesse, Renounce Religion, Evoke Invisibility


You were on level 1 of the Abyss.
You worshipped Okawaru.
Okawaru was extremely pleased with you.
You were full.

You visited 4 branches of the dungeon, and saw 27 of its levels.
You visited the Abyss 1 time.
You also visited: Labyrinth.

You collected 2961 gold pieces.
You spent 1450 gold pieces at shops.

Inventory:

Hand weapons
 p - a +2 flail of holy wrath
 w - a +3 broad axe of venom
 V - a +2 blowgun of evasion
 X - the +6 flail of the Gnat (weapon) {drain, rN+ MR- MP+9 Dex+5}
   (You found it on level 10 of the Dungeon)

   A truly terrible weapon, it drains the life of those it strikes.
   It affects your dexterity (+5).
   It protects you from negative energy.
   It affects your resistance to hostile enchantments.
   It affects your magic capacity (+9).
Missiles
 h - 40 tomahawks (quivered)
 H - 47 poisoned needles
Armour
 c - a +5 shield (worn)
 k - a +0 pair of gloves (worn)
 t - the +7 leather armour of Xariuxt (worn) {rC+ rN+ rCorr Slay+3}
   (You found it on level 8 of the Lair of Beasts)

   It affects your accuracy and damage with ranged weapons and melee attacks
   (+3).
   It protects you from cold.
   It protects you from negative energy.
   It protects you from acid and corrosion.
 T - a +2 cloak (worn)
 Y - the +2 pair of boots of Vanity (worn) {+Inv Stlth+}
   (You bought it in a shop on level 4 of the Orcish Mines)

   It lets you turn invisible.
   It makes you more stealthy.
Jewellery
 a - an uncursed ring of protection from fire
 b - a ring of see invisible (right hand)
 f - an uncursed amulet of resist mutation {unknown}
 i - an amulet of warding (around neck)
 n - a +3 ring of evasion (left hand)
 s - an uncursed ring of positive energy
 C - a +5 ring of strength
 D - an uncursed ring of poison resistance
 J - an uncursed amulet of regeneration
 N - an uncursed amulet of the gourmand {unknown}
 W - an uncursed amulet of stasis
Magical devices
 d - a wand of digging (10)
 l - a wand of paralysis (17)
 x - a wand of teleportation (4)
 E - a wand of fireball (15)
 G - a wand of random effects (14)
Scrolls
 e - 2 scrolls of fear
 y - 11 scrolls of teleportation
 A - 3 scrolls of identify
 L - a scroll of magic mapping
 M - 4 scrolls of fog
 O - 11 scrolls of remove curse
Potions
 j - 6 potions of curing
 m - 2 potions of might
 o - 3 potions of cancellation
 v - 2 potions of agility
 F - 2 potions of invisibility
 I - 5 potions of flight
 K - 5 potions of lignification
 P - a potion of berserk rage
 R - 3 potions of heal wounds
Books
 r - a Fen Folio

   Spells                             Type                      Level
   a - Corpse Rot                     Necromancy                   2
   b - Stone Arrow                    Conjuration/Earth            3
   c - Leda's Liquefaction            Hexes/Earth                  4
   d - Summon Forest                  Summoning/Translocation      5
   e - Hydra Form                     Transmutation                6
   f - Summon Hydra                   Summoning                    7
Miscellaneous
 q - a disc of storms
 B - a disc of storms
Comestibles
 g - 40 fruits


   Skills:
 + Level 13.8 Fighting
 - Level 14.2(14.8) Axes
 * Level 7.3(11.8) Maces & Flails
 + Level 4.1 Throwing
 + Level 13.4 Armour
 + Level 11.7 Dodging
 + Level 13.1 Shields
 - Level 7.1 Invocations
 + Level 8.3 Evocations


You had 14 spell levels left.
You didn't know any spells.

Dungeon Overview and Level Annotations

Branches:
Dungeon (14/15)            Temple (1/1) D:6            Lair (8/8) D:10
  Swamp (0/4) Lair:5        Snake (0/4) Lair:6        Slime (0/6) Lair:6
    Orc (4/4) D:10            Elf (0/3) Orc:4
 Vaults: D:13-14

Altars:
Ashenzari
Cheibriados
Dithmenos
Elyvilon
Fedhas
Gozag
Kikubaaqudgha
Makhleb
Nemelex Xobeh
Okawaru
Ru
Sif Muna
Vehumet
Xom
Zin
Beogh
Jiyva
Lugonu

Shops:
D:6 *   D:9 =   Orc:1 [((?   Orc:3 ?   Orc:4 [!(*

Annotations:
D:9 exclusion: orange crystal statue
D:11 Erolcha
D:14 Louise
Lair:4 exclusion: oklob plant


Innate Abilities, Weirdness & Mutations

You reflexively headbutt those who attack you in melee.
You have a pair of horns on your head.
Armour fits poorly on your strangely shaped body.
You are frail (-10% HP).
[You tend to lose your temper in combat.]
[Scrolls take you longer to read.]
[Your body often deteriorates upon taking damage.]
[You are very dopey. (Int -4)]
[You heal slowly when monsters are visible.]
[You are often teleported to nearby monsters.]
[You are very weak. (Str -4)]
[Potions and wands are less effective at restoring your health.]
[You expend magic power (3 MP) to strengthen your wands.]


Message History

The reaper hits you from afar with a scythe of slicing!!
Your body deteriorates!
You feel dopey.
You have lost your intelligence.
The neqoxec gestures at you.
Strange energies course through your body.
You feel frail. The neqoxec gestures at you.
Something tries to feed on your intellect!
The reaper hits you from afar with a scythe of slicing!
You can move again.
You sock the wretched star!
The wretched star is heavily damaged.
The reaper hits you from afar with a scythe of slicing!
The neqoxec gestures at you.
Strange energies course through your body.
You feel stupid.
You sock the wretched star!
The wretched star is severely damaged.
The reaper hits you from afar with a scythe of slicing!!!
* * * LOW HITPOINT WARNING * * *
You die...

#.# # ## # # # .##
..#..##..###. .###
..... .......... ..
#... ..........
...... .. .
#...#..#...##....
.##..##..##..###...
# ...............#
.## #
..3.3....*......
..# .
...#...#@.#...##..
..# . ..
#..##..##..## ...
... ..........2..
... ..(# .
................ (#
# .
.##..##..##..####
## # #...#..#...#
.. .... ..........
. .................
. .##..##..##.. #..
. #


You could see a reaper, a wretched star, a neqoxec and a chaos spawn.

Vanquished Creatures
  Rupert (D:13)
  Maud (D:13)
  A minotaur (Lab)
  Harold (Orc:3)
  10 hydras
  Erica (D:11)
  7 death yaks
  2 ogre magi (Orc:4)
  A catoblepas (Lair:8)
  A centaur warrior (D:14)
  2 tengu warriors (D:13)
  A wretched star (Abyss:1)
  A large abomination (Abyss:1)
  2 deep trolls (Orc:4)
  4 hill giants
  A hill giant (shapeshifter) (D:13)
  A lindwurm (Lair:6)
  3 ugly things
  A faun (Lair:5)
  An orc knight (Orc:3)
  4 griffons
  A manticore (D:13)
  A worldbinder (Abyss:1)
  3 cyclopes
  17 elephants
  An apocalypse crab (Abyss:1)
  6 black mambas
  12 spiny frogs
  2 gargoyles
  Psyche (D:10)
  A torpor snail (Lair:5)
  3 kobold demonologists (D:11)
  A guardian serpent (D:12)
  An efreet (D:14)
  A freezing wraith (Abyss:1)
  9 komodo dragons
  15 trolls
  2 fire drakes (Lair:8)
  8 two-headed ogres
  A spriggan druid (Lair:8)
  The ghost of Rayvis the Chopper, an average MiFi (D:4)
  A giant leech (Lair:5)
  7 polar bears
  27 blink frogs
  A boulder beetle (Lair:6)
  A slime creature (D:11)
  49 yaks
  10 spriggans
  4 redbacks (Lair:8)
  Sigmund (D:2)
  A wraith (D:10)
  8 hippogriffs
  3 golden eyes (Abyss:1)
  2 wyverns
  4 hungry ghosts
  9 basilisks
  A steam dragon (D:12)
  5 wargs
  2 nagas (Lair:6)
  A swamp worm (Lair:5)
  A soldier ant (D:13)
  24 water moccasins
  28 wolves
  9 porcupines
  An eye of draining (D:11)
  An ice beast (D:12)
  20 orc warriors
  6 black bears
  31 ogres
  2 phantoms
  2 wasps (Lair:8)
  5 centaurs
  17 crocodiles
  A necrophage (D:10)
  3 sky beasts
  3 big kobolds
  A brain worm (Abyss:1)
  12 giant frogs
  6 scorpions
  2 small abominations (Abyss:1)
  12 killer bees
  3 wights (D:10)
  7 hounds
  6 crimson imps
  A centaur zombie (D:6)
  35 orc wizards
  5 jellies
  Crazy Yiuf (D:2)
  21 orc priests
  3 centaur skeletons
  2 giant frog skeletons (D:8)
  6 iguanas
  4 worker ants
  2 hell rats (Lair:6)
  19 sheep
  A hound zombie (D:8)
  6 gnolls
  55 river rats
  11 adders
  6 shadow imps
  A white imp (Abyss:1)
  3 oozes
  An adder skeleton (D:4)
  3 adder zombies
  3 worms
  180 orcs
  3 ball pythons
  8 bats
  8 giant cockroaches
  5 goblins
  10 hobgoblins
  7 jackals
  16 kobolds
  A quokka (D:12)
  4 giant geckos
  2 giant newts
  A quokka skeleton (D:7)
  7 rats
  13 fungi
  10 plants
938 creatures vanquished.

Vanquished Creatures (others)
  5 sheep (D:11)
  2 bushes (Lair:8)
  60 fungi
  47 plants
114 creatures vanquished.

Grand Total: 1052 creatures vanquished

Notes
Turn   | Place    | Note
--------------------------------------------------------------
     0 | D:1      | mrath the Minotaur Fighter began the quest for the Orb.
     0 | D:1      | Reached XP level 1. HP: 19/19 MP: 0/0
   106 | D:1      | Reached XP level 2. HP: 26/26 MP: 1/1
   548 | D:2      | Reached skill level 4 in Axes
   634 | D:2      | Reached XP level 3. HP: 28/31 MP: 2/2
   973 | D:2      | Noticed Sigmund
   988 | D:2      | Killed Sigmund
   988 | D:2      | Reached skill level 7 in Axes
   988 | D:2      | Reached XP level 4. HP: 16/39 MP: 3/3
   988 | D:2      | Reached XP level 5. HP: 18/45 MP: 4/4
  1169 | D:2      | Found a blossoming altar of Fedhas.
  1520 | D:2      | Noticed Crazy Yiuf
  1525 | D:2      | Killed Crazy Yiuf
  1852 | D:3      | Found a sacrificial altar of Ru.
  2071 | D:3      | Reached XP level 6. HP: 47/51 MP: 5/5
  2714 | D:4      | Reached skill level 8 in Axes
  2857 | D:4      | Noticed Rayvis's ghost (average MiFi)
  2873 | D:4      | Killed Rayvis's ghost
  2873 | D:4      | Reached skill level 9 in Axes
  2873 | D:4      | Reached XP level 7. HP: 35/57 MP: 6/6
  3404 | D:4      | Noticed a hippogriff
  3419 | D:4      | Killed a hippogriff
  3419 | D:4      | Reached skill level 1 in Dodging
  3984 | D:5      | Entered Level 5 of the Dungeon
  4535 | D:5      | Reached XP level 8. HP: 54/67 MP: 7/7
  4642 | D:5      | Reached skill level 5 in Fighting
  4642 | D:5      | Reached skill level 5 in Shields
  4643 | D:5      | Reached skill level 5 in Armour
  5093 | D:6      | Found a staircase to the Ecumenical Temple.
  5104 | D:6      | Reached skill level 10 in Axes
  5126 | Temple   | Entered the Ecumenical Temple
  5148 | Temple   | Became a worshipper of Warmaster Okawaru
  5368 | D:6      | Found an ancient bone altar of Kikubaaqudgha.
  5693 | D:6      | Reached skill level 1 in Invocations
  5701 | D:6      | Found Heveik's Assorted Antiques.
  5716 | D:6      | Bought a scroll of identify for 40 gold pieces
  6314 | D:7      | Reached XP level 9. HP: 75/75 MP: 9/9
  6559 | D:7      | Acquired Okawaru's first power
  6726 | D:7      | Found a burning altar of Makhleb.
  6729 | D:7      | Noticed a cacodemon
  8327 | D:8      | Reached skill level 11 in Axes
  8396 | D:9      | Found a radiant altar of Vehumet.
  8478 | D:9      | Noticed an orange crystal statue
  8522 | D:9      | Reached skill level 5 in Dodging
  8530 | D:9      | Found a snail-covered altar of Cheibriados.
  8800 | D:9      | Reached XP level 10. HP: 86/86 MP: 11/11
  9331 | D:9      | Found Kecoo's Jewellery Boutique.
  9454 | D:9      | Found a shattered altar of Ashenzari.
  9454 | D:9      | Found a deep blue altar of Sif Muna.
  9661 | D:10     | Entered Level 10 of the Dungeon
  9661 | D:10     | Noticed Psyche
  9673 | D:10     | Killed Psyche
  9703 | D:10     | Got a polished scale mail
  9714 | D:10     | Identified the +3 scale mail of Analysis {Str+5} (You found it on level 10 of the Dungeon)
 10075 | D:10     | Found a staircase to the Lair.
 10356 | D:10     | Found a staircase to the Orcish Mines.
 10478 | D:10     | Got a jewelled flail
 10778 | D:10     | Reached skill level 5 in Invocations
 10824 | Lair:1   | Entered Level 1 of the Lair of Beasts
 10876 | Lair:1   | Acquired Okawaru's second power
 11121 | Lair:1   | Reached XP level 11. HP: 95/95 MP: 13/13
 11499 | Lair:1   | Reached skill level 12 in Axes
 11995 | Lair:1   | Identified the +6 flail of the Gnat {drain, rN+ MR- MP+9 Dex+5} (You found it on level 10 of the Dungeon)
 12274 | Lair:2   | Received a gift from Okawaru
 12632 | Lair:2   | Noticed a seven-headed hydra
 12641 | Lair:2   | Killed a seven-headed hydra
 13549 | Lair:3   | Reached skill level 1 in Evocations
 13791 | Lair:3   | Received a gift from Okawaru
 13792 | Lair:3   | Got an ichor-stained scale mail {god gift}
 13803 | Lair:3   | Identified the +1 scale mail of Musil {rElec rC+} (Okawaru gifted it to you on level 3 of the Lair of Beasts)
 14099 | Lair:3   | Reached skill level 10 in Fighting
 14583 | Lair:3   | Upgraded the game from 0.17-a0-1637-g5d65775 to 0.17-a0-1642-gd4b747b
 14863 | Lair:4   | Noticed a four-headed hydra
 14875 | Lair:4   | Killed a four-headed hydra
 14875 | Lair:4   | Reached XP level 12. HP: 94/106 MP: 13/15
 14914 | Lair:4   | Found a labyrinth entrance.
 14998 | Lab      | Entered a labyrinth
 15102 | Lab      | Reached skill level 10 in Armour
 15516 | Lab      | Noticed a minotaur
 15532 | Lab      | Killed a minotaur
 15753 | Lab      | Got a pair of heavily runed boots
 15788 | Lab      | Got an uncursed bloodstained shortbow
 16433 | Lair:2   | Identified the cursed -5 pair of boots "Sasemot" {rElec Slay+2 Stlth-} (You found it in a labyrinth)
 16464 | Lair:2   | Identified the +12 shortbow "Fiseerov" {velocity, rElec Str+2} (You took it off a minotaur in a labyrinth)
 16820 | Lair:4   | Reached skill level 10 in Shields
 17370 | Lair:5   | Reached skill level 13 in Axes
 17605 | Lair:5   | HP: 2/110 [death yak[a torpor snail] (6)]
 17611 | Lair:5   | HP: 3/110 [faun/spear (2)]
 17622 | Lair:5   | Received a gift from Okawaru
 17979 | Lair:5   | Found a staircase to the Swamp.
 18793 | Lair:6   | Found a runed door.
 18797 | Lair:6   | Found a viscous altar of Jiyva.
 18803 | Lair:6   | Found a staircase to the Slime Pits.
 18867 | Lair:6   | Found a staircase to the Snake Pit.
 18965 | Lair:6   | Noticed a seven-headed hydra
 18985 | Lair:6   | Reached XP level 13. HP: 108/116 MP: 17/17
 18990 | Lair:6   | Killed a seven-headed hydra
 19028 | Lair:6   | Noticed a four-headed hydra
 19049 | Lair:6   | Killed a four-headed hydra
 19049 | Lair:6   | Received a gift from Okawaru
 19050 | Lair:6   | Got a jasper-encrusted ring mail {god gift}
 19115 | Lair:5   | Identified the +1 ring mail of Zisaug {Int-5 Dex+6} (Okawaru gifted it to you on level 6 of the Lair of Beasts)
 19115 | Lair:5   | Lost intelligence.
 19483 | Lair:6   | Reached skill level 5 in Evocations
 21128 | Lair:7   | Received a gift from Okawaru
 21129 | Lair:7   | Got a scorched war axe {god gift}
 21185 | Lair:7   | Identified the +0 war axe of Extermination {drain, rN+} (Okawaru gifted it to you on level 7 of the Lair of Beasts)
 21602 | Lair:6   | Reached skill level 10 in Dodging
 22007 | Lair:8   | Entered Level 8 of the Lair of Beasts
 22058 | Lair:8   | Received a gift from Okawaru
 22328 | Lair:8   | Reached skill level 14 in Axes
 22371 | Lair:8   | Reached XP level 14. HP: 127/127 MP: 17/18
 22927 | Lair:8   | Got an ichor-stained leather armour
 23480 | Lair:8   | Reached skill level 1 in Maces & Flails
 23775 | Lair:8   | Received a gift from Okawaru
 24287 | Lair:2   | Identified the +7 leather armour of Xariuxt {rC+ rN+ rCorr Slay+3} (You found it on level 8 of the Lair of Beasts)
 24469 | Orc:1    | Entered Level 1 of the Orcish Mines
 24638 | Orc:1    | Found Hum Wuimo's Antique Weapon Shoppe.
 24700 | Orc:1    | Found Zeggeots's Weapon Emporium.
 24782 | Orc:1    | Found Peofaan's Antique Armour Boutique.
 24797 | Orc:1    | Found Seerpha's Magic Scroll Shop.
 24932 | Orc:1    | Found a burning altar of Makhleb.
 25190 | Orc:1    | Bought a scroll of enchant weapon for 90 gold pieces
 25190 | Orc:1    | Bought a scroll of enchant armour for 90 gold pieces
 25190 | Orc:1    | Bought a scroll of identify for 24 gold pieces
 25605 | Orc:2    | You fall through a shaft!
 25646 | Orc:3    | Noticed Harold
 25677 | Orc:2    | Reached skill level 1 in Throwing
 26016 | Orc:3    | Found Jerosh's Magic Scroll Boutique.
 26103 | Orc:3    | Bought a scroll of identify for 32 gold pieces
 26103 | Orc:3    | Bought a scroll of identify for 32 gold pieces
 26103 | Orc:3    | Bought a scroll of enchant weapon for 120 gold pieces
 26103 | Orc:3    | Bought a scroll of identify for 32 gold pieces
 26103 | Orc:3    | Bought a scroll of identify for 32 gold pieces
 26123 | Orc:4    | Entered Level 4 of the Orcish Mines
 26232 | Orc:3    | Found a roughly hewn altar of Beogh.
 26306 | Orc:3    | Killed Harold
 27812 | Orc:4    | Reached XP level 15. HP: 125/136 MP: 19/19
 27955 | Orc:4    | Found Veoryo's Assorted Antiques.
 27975 | Orc:4    | Found Uphaf's Antique Weapon Boutique.
 27977 | Orc:4    | Found Sitalep's Distillery.
 28012 | Orc:4    | Found a staircase to the Elven Halls.
 28169 | Orc:4    | Found Paohut's Antique Armour Shoppe.
 28180 | Orc:4    | Bought a potion of heal wounds for 80 gold pieces
 28293 | Orc:4    | Found a roughly hewn altar of Beogh.
 28600 | Orc:4    | Bought a transparent cloak for 237 gold pieces
 28600 | Orc:4    | Bought a pair of warped boots for 237 gold pieces
 28611 | Orc:4    | Identified the +0 cloak of Impressiveness {rC+ Regen+} (You bought it in a shop on level 4 of the Orcish Mines)
 28621 | Orc:4    | Identified the +2 pair of boots of Vanity {+Inv Stlth+} (You bought it in a shop on level 4 of the Orcish Mines)
 28628 | Orc:4    | Bought a potion of heal wounds for 80 gold pieces
 28628 | Orc:4    | Bought a potion of heal wounds for 80 gold pieces
 28634 | Orc:4    | Bought a scroll of identify for 50 gold pieces
 28634 | Orc:4    | Bought a scroll of identify for 50 gold pieces
 28667 | Orc:4    | Bought 2 potions of curing for 96 gold pieces
 28667 | Orc:4    | Bought a potion of curing for 48 gold pieces
 29440 | D:11     | Found a shimmering altar of Xom.
 29674 | D:11     | Noticed Erolcha
 29677 | D:11     | Paralysed by Erolcha for 6 turns
 29802 | D:11     | Found a corrupted altar of Lugonu.
 30227 | D:11     | Noticed Erica
 30237 | D:11     | Killed Erica
 30720 | D:11     | Reached skill level 5 in Maces & Flails
 32172 | D:13     | Noticed Maud
 32198 | D:13     | Killed Maud
 32263 | D:13     | Received a gift from Okawaru
 32793 | D:13     | Noticed Rupert
 32828 | D:13     | Killed Rupert
 33923 | D:14     | Noticed Louise
 33924 | D:14     | Cast into the Abyss (Louise)
 33924 | Abyss:1  | Found a corrupted altar of Lugonu.
 34080 | Abyss:1  | Found a corrupted altar of Lugonu.
 34335 | Abyss:1  | Gained mutation: Armour fits poorly on your strangely shaped body. [a neqoxec]
 34335 | Abyss:1  | Lost intelligence.
 34336 | Abyss:1  | Gained mutation: You are frail (-10% HP). [a neqoxec]
 34338 | Abyss:1  | Gained mutation: [You are very dopey. (Int -4)] [a neqoxec]
 34339 | Abyss:1  | HP: 4/123 [reaper/scythe of slicing (39)]
 34339 | Abyss:1  | Slain by a reaper

Vault maps used:
D:1:      noname_arrival_rooms_in_the_neighbourhood
D:2:      fedhas_altar_4, uniq_sigmund, uniq_crazy_yiuf_cottage
D:3:      nicolae_ru_awakened_eye, first_bread, amethyst_killhole
D:4:      minmay_misc_feat_plants
D:6:      nicolae_whirlpool, kiku_gazebo_pond_becter,
          minmay_temple_entry_statues_pillars, serial_shops, shop
D:7:      makhleb_altar_promises_db
D:8:      the_bakery
D:9:      gammafunk_temple_overflow_wave, lemuel_crystal_altar,
          cheibriados_altar_wand_db, serial_shops, shop, minmay_protected_statue
D:10:     erik_lair_orcish_takeover, david_orc_4, uniq_psyche
D:11:     kennysheep_kobold_lugonu_temple, kb_xom_exploding_sheep, uniq_erica,
          uniq_erolcha
D:12:     nrook_guardian_serpent_ordinary
D:13:     uniq_rupert, uniq_maud
D:14:     david_vaults_2, roderic_lattice_a, uniq_louise
Temple:   circular_temple_12
Lair:1:   ldierk_geyser
Lair:2:   minmay_stone_trees_large, bh_autumn_forest_stairs
Lair:4:   minmay_lair_oklob_tunnel, lab_entry_generic, st_stairs_3
Lair:5:   minmay_swamp_entry_worms, grunt_forest_large_clearings
Lair:6:   kennysheep_rathole, guppyfry_snake_entry_island, slime_altar_2,
          nicolae_quartered_pool_little
Lair:7:   grunt_megastairs_5
Lair:8:   minmay_lair_end_enchanted_forest, st_stairs_11
Orc:1:    basic_altar, serial_shops, nicolae_shop_statue_plus,
          nicolae_shop_behind_doors,
          nicolae_shop_temple_entry_statues_fountains, shop, shop
Orc:3:    serial_shops, shop_scrolls, basic_altar, nicolae_orc_pool_cavern,
          uniq_harold
Orc:4:    st_orc_open, mines2_david
Abyss:1:  evilmike_abyss_exit_5
Lab:      nicolae_lab_dead_adventurers, nicolae_lab_diamond, nicolae_lab_swirl,
          nicolae_lab_dead_end, labyrinth_glass_1, lab_statue,
          labyrinth_skeletal_remains, nicolae_lab_t_cross

Action                   |  1- 3 |  4- 6 |  7- 9 | 10-12 | 13-15 || total
-------------------------+-------+-------+-------+-------+-------++-------
Melee: War axe           |    51 |   109 |   383 |   325 |       ||   868
       Broad axe         |       |       |       |   183 |   184 ||   367
       Flail             |       |       |       |   285 |  1113 ||  1398
       Blowgun           |       |       |       |       |     2 ||     2
 Fire: Blowgun           |       |       |       |    34 |   221 ||   255
Throw: Stone             |     3 |    13 |    11 |       |       ||    27
       Tomahawk          |       |       |       |       |    43 ||    43
Invok: Heroism           |       |       |       |    10 |    16 ||    26
       Finesse           |       |       |       |     1 |     7 ||     8
  Use: Potion            |     1 |       |       |     1 |     8 ||    10
       Scroll            |       |     4 |    15 |    13 |    14 ||    46
 Stab: Sleeping          |       |       |       |       |    13 ||    13
       Distracted        |       |       |       |       |     2 ||     2
  Eat: Chunk             |       |     4 |     4 |    18 |    32 ||    58
       Beef jerky        |       |     1 |       |     3 |     3 ||     7
       Bread ration      |       |     1 |     3 |       |     2 ||     6
       Pizza             |       |       |       |     3 |     2 ||     5
       Meat ration       |       |       |       |     2 |     2 ||     4
       Fruit             |       |       |       |       |     2 ||     2
